 Dungeon Crawl Stone Soup version 0.26.1-11-gd32895ea62 (webtiles) character file.

Game seed: 7498438841232301841

123 Zeld the Sneak (level 5, -3/34 HPs)
             Began as an Octopode Brigand on May 14, 2021.
             Killed from afar by an orc wizard (7 damage)
             ... with a puff of frost
             ... on level 3 of the Dungeon.
             The game lasted 00:02:29 (4018 turns).

Zeld the Sneak (Octopode Brigand)                   Turns: 4018, Time: 00:02:31

Health: -3/34      AC:  1    Str: 11    XL:     5   Next: 7%
Magic:  8/8        EV: 13    Int: 13    God:
Gold:   166        SH:  0    Dex: 14    Spells: 8/8 levels left

rFire    . . .     SeeInvis .   a - +2 dagger
rCold    . . .     Faith    .   (no shield)
rNeg     . . .     Spirit   .   (helmet restricted)
rPois    .         Reflect  .   (no amulet)
rElec    .         Harm     .   (no ring)
rCorr    .         Rampage  .   (no ring)
Will     .....                  (no ring)
Stlth    ++++......             (no ring)
HPRegen  0.11/turn              (no ring)
MPRegen  0.11/turn              (no ring)
                                (no ring)
                                (no ring)

@: no status effects
A: almost no armour, stealthy swim, amphibious, 8 rings, constrict 8, camouflage
1, gelatinous body 1
a: no special abilities


You were on level 3 of the Dungeon.
You visited 1 branch of the dungeon, and saw 3 of its levels.

You collected 166 gold pieces.

Inventory:

Hand Weapons
 a - a +2 dagger (weapon)
Missiles
 b - 8 poisoned darts (quivered)
 c - 2 curare-tipped darts
Jewellery
 p - a +4 ring of evasion {unknown}
Wands
 r - a wand of disintegration (18)
Scrolls
 e - a scroll of fear {unknown}
 g - 3 scrolls of identify {unknown}
 i - 3 scrolls of teleportation {unknown}
 k - a scroll of remove curse {unknown}
 l - a scroll of blinking {unknown}
 n - a scroll of random uselessness {unknown}
 o - 2 scrolls of magic mapping {unknown}
Potions
 d - a potion of degeneration {unknown}
 f - 4 potions of might {unknown}
 h - 2 potions of heal wounds {unknown}
 j - a potion of curing {unknown}
 m - a potion of flight {unknown}
 q - a potion of berserk rage {unknown}
 s - 2 potions of lignification {unknown}
 t - a potion of cancellation {unknown}


   Skills:
 - Level 2.0 Fighting
 * Level 4.3 Short Blades
 - Level 2.0 Throwing
 - Level 1.0 Dodging
 - Level 5.3 Stealth
 + Level 2.1 Spellcasting


You had 8 spell levels left.
You didn't know any spells.
Your spell library was empty.

Dungeon Overview and Level Annotations

Branches:
Dungeon (3/15)

Altars:
Kikubaaqudgha

Annotations:
D:3 Sigmund


Innate Abilities, Weirdness & Mutations

You cannot wear most types of armour.
You are very stealthy in the water. (Stealth+)
You are amphibious.
You can wear up to eight rings at the same time.
You can use your tentacles to constrict eight enemies at once.
Your skin changes colour to match your surroundings (Stealth+).
Your rubbery body absorbs attacks. (AC +1, EV +1)


Message History

You closely miss the orc wizard. Your squeeze misses the orc wizard.
You feel less confused. The orc wizard barely misses you. Something hits you.
* * * LOW HITPOINT WARNING * * *
Unknown command.
You hit the orc wizard. You grab the orc wizard.
The orc wizard is lightly wounded.
You constrict the orc wizard, but do no damage.
The orc wizard hits you with a +0 dagger.
* * * LOW HITPOINT WARNING * * *
Something hits you.
* * * LOW HITPOINT WARNING * * *
You hit the orc wizard. You squeeze the orc wizard.
The orc wizard is heavily wounded.
You constrict the orc wizard.
The orc wizard points at you and mumbles some strange words.
The puff of frost misses you. Something hits you but does no damage.
The orc wizard casts a spell at you. The puff of frost hits you!
You die...

#.# #.#.##... #[# #.#>.....
#.# #.#..#.#.
#####.###.#.#... #.#
##########[..#)##......#
.#.#
#..........#..........###...
##..####.##...##........#..#
....####.###.###o..)........
.............# #@{.....#.##
#.#####.....## ###....)..#
#.# #...#.# #.(.)<### #.#
#####.# ####..# #.# #.#
#.[###.# #.# #.# #......#
#.. #g# #.####.# ## #.# #.#
####.######.# #.#


You could see an orc wizard (fast).

Vanquished Creatures
  2 orc wizards (D:3)
  A gnoll (D:3)
  A worm (D:2)
  2 dart slugs
  9 orcs
  A ball python (D:2)
  3 bats
  2 giant cockroaches
  2 goblins
  6 hobgoblins
  2 jackals
  4 frilled lizards
  5 kobolds
  4 rats
44 creatures vanquished.

Notes
Turn   | Place    | Note
-------+----------+-------------------------------------------
     0 | D:1      | Zeld the Octopode Brigand began the quest for the Orb.
     0 | D:1      | Reached XP level 1. HP: 14/14 MP: 1/1
   108 | D:1      | Reached XP level 2. HP: 13/19 MP: 2/2
   972 | D:2      | Reached skill level 1 in Spellcasting
  1080 | D:2      | Reached XP level 3. HP: 22/24 MP: 4/4
  3036 | D:3      | Reached XP level 4. HP: 23/29 MP: 6/6
  3202 | D:3      | Found an ancient bone altar of Kikubaaqudgha.
  3237 | D:3      | Noticed Sigmund
  3859 | D:3      | Reached XP level 5. HP: 8/34 MP: 6/8
  4018 | D:3      | Killed from afar by an orc wizard

Illustrated notes

Levels and vault maps discovered:
D:1:      onia_arrival_mini_maze, layout_loops_ring
D:2:      layout_rooms
D:3:      layout_loops_ring, nzn_hepliaklqana_mist_gate, marbit_many_paths,
          fedhas_altar_2, uniq_sigmund

Skill      XL: |  1  2  3  4 |
---------------+-------------+-----
Spellcasting   | 1 2 |  2.1
Short Blades   | 3 4 |  4.3
Fighting       | |  2.0
Throwing       | |  2.0
Dodging        | |  1.0
Stealth        | |  5.3

Action                   |  1- 3 |  4- 6 || total
-------------------------+-------+-------++-------
Melee: Dagger            |    80 |    28 ||   108
       Tentacles         |    12 |     8 ||    20
       Constrict         |    15 |     7 ||    22
 Stab: Sleeping          |     6 |     1 ||     7
       Distracted        |       |     1 ||     1
Armor: Skin              |     8 |       ||     8
Dodge: Dodged            |    52 |    13 ||    65
